 Dungeon Crawl Stone Soup version 0.22-b1-59-g0aedee7 (webtiles) character file.

43 Goblin1989 the Chopper (level 3, -2/29 HPs)
             Began as a Demonspawn Chaos Knight on Aug 10, 2018.
             Succumbed to Terence's poison
             ... on level 2 of the Dungeon.
             The game lasted 00:02:32 (1006 turns).

Goblin1989 the Chopper (Demonspawn Chaos Knight)    Turns: 1006, Time: 00:02:34

Health: -2/29      AC:  5    Str: 15    XL:     3   Next: 37%
Magic:  3/3        EV: 11    Int: 18    God:    Xom [..*...]
Gold:   38         SH:  4    Dex: 12    Spells: 2/2 levels left

rFire    . . .     SeeInvis .   a - +0 hand axe (chaos)
rCold    . . .     Gourm    .   (no shield)
rNeg     . . .     Faith    .   b - +2 leather armour
rPois    .         Spirit   .   (no helmet)
rElec    .         Reflect  .   (no cloak)
rCorr    .         Harm     .   (no gloves)
MR       .....                  (no boots)
Stlth    +.........             (no amulet)
HPRegen  0.09/turn              g - +2 ring of strength
MPRegen  0.08/turn              (no ring)

@: brilliant, lethally poisoned (-2 -> -47), flying
A: large bone plates 1
a: Renounce Religion


You were on level 2 of the Dungeon.
You worshipped Xom.
You were a toy of Xom.
You were not hungry.

You visited 1 branch of the dungeon, and saw 2 of its levels.

You collected 38 gold pieces.

Inventory:

Hand Weapons
 a - a +0 hand axe of chaos (weapon)
Missiles
 h - 10 arrows
 j - 8 tomahawks (quivered)
 o - a stone
Armour
 b - a +2 leather armour (worn)
Jewellery
 f - an uncursed ring of ice
 g - a +2 ring of strength (left hand)
Scrolls
 n - a scroll of enchant weapon {unknown}
Comestibles
 e - 2 rations


   Skills:
 - Level 3.0 Fighting
 + Level 4.1 Axes
 - Level 1.7 Armour
 - Level 0.8 Dodging


You had 2 spell levels left.
You didn't know any spells.
Your spell library was empty.

Dungeon Overview and Level Annotations

Branches:
Dungeon (2/15)

Altars:

Annotations:
D:2 Terence


Innate Abilities, Weirdness & Mutations

You are partially covered in large bone plates. (SH +4)


Message History

The adder bites you.
You are poisoned.
The adder poisons you!
You take 3 damage, and have 23/29 hp.
Unknown command.
You slash the adder! Lightning courses through the adder!
You kill the adder!
Your Axes skill increases to level 4!
You feel sick. The dart slug launches a dart at you. The slug dart hits you!
You take 1 damage, and have 22/29 hp.
You feel sick.
You take 1 damage, and have 21/29 hp.
Unknown command.
The helpless bat fails to defend itself.
You hit the bat.
Unknown command.
The helpless bat fails to defend itself.
You hit the bat.
The bat is severely wounded.
You feel sick.
You take 1 damage, and have 21/29 hp.
Unknown command.
The helpless bat fails to defend itself.
You slash the bat!
You kill the bat!
Unknown command.
You hit the dart slug. You drain the dart slug!
The dart slug is almost dead.
The dart slug launches a dart at you. The slug dart hits you!
You take 3 damage, and have 18/29 hp.
Unknown command.
You hit the dart slug.
You kill the dart slug!
You feel sick.
Terence seems less confused.
You take 1 damage, and have 17/29 hp.
Unknown command.
You are too injured to fight recklessly!
Unknown command.
You are too injured to fight recklessly!
Unknown command.
You are too injured to fight recklessly!
Terence barely misses you.
You feel sick. Terence closely misses you.
You take 1 damage, and have 16/29 hp.
You hit Terence.
Terence is moderately wounded.
Terence hits you but does no damage.
You hit Terence but do no damage.
Terence is moderately wounded.
You block Terence's attack.
You hit Terence. You burn Terence.
Terence is heavily wounded.
Terence hits you but does no damage.
You are more poisoned.
You hit Terence but do no damage.
Terence is heavily wounded.
You feel sick. Terence hits you but does no damage.
You are lethally poisoned!
You take 1 damage, and have 15/29 hp.
You hit Terence but do no damage.
Terence is heavily wounded.
You feel sick. Terence hits you but does no damage.
You are more poisoned.
You take 1 damage, and have 14/29 hp.
You hit Terence but do no damage.
Terence is heavily wounded.
* * * LOW HITPOINT WARNING * * *
You feel very sick.
Terence hits you with a short sword of venom.
* * * LOW HITPOINT WARNING * * *
You take 4 damage, and have 10/29 hp.
It was a potion of flight.
You feel very buoyant.
You fly up into the air.
* * * LOW HITPOINT WARNING * * *
You feel sick. Terence hits you but does no damage.
You are more poisoned.
You take 2 damage, and have 8/29 hp.
It was a potion of brilliance.
You feel clever all of a sudden.
Xom thinks this is hilarious!
* * * LOW HITPOINT WARNING * * *
You feel sick. Terence closely misses you.
You take 2 damage, and have 6/29 hp.
You hit Terence.
Terence seems to speed up.
Terence is severely wounded.
* * * LOW HITPOINT WARNING * * *
You feel very sick. You block Terence's attack.
Terence hits you with a short sword of venom.
* * * LOW HITPOINT WARNING * * *
You are more poisoned.
You take 5 damage, and have 1/29 hp.
You hit Terence.
You feel better.
Terence is almost dead.
You die...
Xom cackles wildly!

.█ .....███████████
.........█...(..██
...(.............██
.................<█
.........)........█
.........†........█
█................█
█.....@..........█
█..$..@..........█
██......).......██
██...?.██.....██


███████ ██████ You could see Terence.

Vanquished Creatures
  An adder (D:2)
  An ooze (D:1)
  A worm (D:2)
  4 dart slugs
  3 bats
  2 goblins (D:1)
  2 hobgoblins
  3 kobolds
  A frilled lizard (D:1)
  2 rats (D:1)
20 creatures vanquished.

Notes
Turn   | Place    | Note
-------+----------+-------------------------------------------
     0 | D:1      | Goblin1989 the Demonspawn Chaos Knight began the quest for the Orb.
     0 | D:1      | Reached XP level 1. HP: 18/18 MP: 1/1
    16 | D:1      | Reached skill level 3 in Axes
   134 | D:1      | Gained mutation: You are partially covered in large bone plates. (SH +4) [demonic ancestry]
   134 | D:1      | Reached XP level 2. HP: 24/24 MP: 2/2
   442 | D:1      | XOM: harmless Conj miscast
   820 | D:2      | Reached XP level 3. HP: 18/29 MP: 3/3
   832 | D:2      | XOM: scenery: 1 doors open
   978 | D:2      | Noticed Terence
   987 | D:2      | Reached skill level 4 in Axes
  1005 | D:2      | HP: 1/29 [Terence/short sword of venom (2)]
  1006 | D:2      | Succumbed to Terence's poison

Skill      XL: |  1  2  3 |
---------------+----------+-----
Axes           | 3 4 |  4.1
Fighting       | |  3.0
Armour         | |  1.7
Dodging        | |  0.8

Action                   || total
-------------------------++-------
Melee: Hand axe          ||    70
  Use: Potion            ||     2
 Stab: Paralysed         ||     2
       Petrified         ||     3
Armor: Leather armour    ||    28
Dodge: Dodged            ||    39
Block: Other             ||    13

Vault maps used:
D:1:      dpeg_arrival_simpleton_b
D:2:      okawaru_altar_gauntlet_db, nicolae_ru_great_annihilating_truth,
          tso_metal_star, uniq_terence
